Unix NetHack Version 5.0.0-0 post-release - last build Jul 19 2026 19:10:59 (3aa4ab31751d3886436d94b585a96704892fd477,branch:main).

Game began 2026-07-22 01:17:30, ended 2026-07-22 01:33:46.

Jinnora, neutral female human Wizard

                                                                          #
                                                                 ---------.-
                                                                #|.......<.|
                                                        #)#######@...)@))).|
                                                                 -----------

Jinnora the Thaumaturge   St:11 Dx:12 Co:15 In:18 Wi:11 Ch:10  Neutral
Dlvl:6  $:29 HP:0(47) Pw:12(58) AC:8  Xp:6/399 T:2775  Satiated

Latest messages:
 You destroy the paper golem!
 The Green-elf throws a crude dagger!
 You are hit by a crude dagger.
 The Green-elf throws a dart!
 You are hit by a dart!
 In what direction? 4
 The spell misses the Green-elf.
 The Green-elf throws a dart!
 You are almost hit by a dart.
 In what direction? 4
 The spell hits the Green-elf!
 The Green-elf throws a dart!
 You are hit by a dart.
 In what direction? 4
 The spell misses the Green-elf.
 In what direction? 4
 The spell hits the Green-elf!
 The Green-elf resists!
 The Green-elf swings his runed broadsword.
 The Green-elf hits!
 Are you sure you want to pray? [yn] (n) y
 You begin praying to Thoth.
 You are surrounded by a shimmering light.
 The Green-elf starts to attack you, but pulls back.
 The Green-elf starts to attack you, but pulls back.
 The Green-elf starts to attack you, but pulls back.
 You finish your prayer.
 You feel that Thoth is well-pleased.
 You feel much better.
 In what direction? 4
 The spell misses the Green-elf.
 The Green-elf swings his runed broadsword.
 The Green-elf hits!
 In what direction? 4
 The spell hits the Green-elf!
 You kill the Green-elf!
 There are several objects here.
 There is a Green-elf corpse here; eat it? [ynq] (n) y
 This Green-elf corpse tastes okay.
 You are hit by a runed arrow!
 You stop eating the Green-elf corpse.
 You are hit by a runed arrow!
 The Green-elf shoots 4 runed arrows!
 You are hit by the 1st runed arrow!
 You are hit by the 2nd runed arrow!
 You are hit by the 3rd runed arrow!
 Wizard, your life force is running out.
 You are hit by the 4th runed arrow!
 You die...
 Do you want your possessions identified? [ynq] (y) q

Inventory:
 Coins    ('$')
  $ - 29 gold pieces
 Weapons  (')')
  A - 8 uncursed +1 darts
  q - 2 uncursed +0 daggers
  a - a blessed +1 quarterstaff (weapon in hands)
 Armor    ('[')
  b - an uncursed +1 cloak of magic resistance (being worn)
 Comestibles  ('%')
  r - an uncursed slime mold
  C - an uncursed cram ration
 Scrolls  ('?')
  o - a blessed scroll of create monster
  V - a blessed scroll of enchant armor
  j - an uncursed scroll of enchant weapon
  N - a cursed scroll of gold detection
  O - an uncursed scroll of identify
  i - an uncursed scroll of taming
  z - a blessed scroll of teleportation
  y - a cursed scroll of teleportation
 Spellbooks  ('+')
  m - an uncursed spellbook of confuse monster
  v - an uncursed spellbook of fireball
  l - a blessed spellbook of force bolt
  p - an uncursed spellbook of light
 Potions  ('!')
  f - a blessed potion of levitation
  B - an uncursed potion of levitation
  g - an uncursed potion of see invisible
  h - an uncursed potion of sickness
 Rings    ('=')
  d - an uncursed +1 ring of increase accuracy
  e - an uncursed ring of polymorph
  D - an uncursed ring of stealth
  E - a cursed ring of teleportation
 Wands    ('/')
  Q - an uncursed wand of digging (0:8)
  S - an uncursed wand of digging (0:4)
  c - an uncursed wand of slow monster (0:8)
  P - an uncursed wand of striking (0:5)
 Tools    ('(')
  X - an empty uncursed sack
  L - an uncursed leash
  U - an uncursed leash
  n - an uncursed magic marker (0:22)
  M - a cursed +0 pick-axe
  T - an uncursed partly used tallow candle
  w - an uncursed tin opener
  I - an uncursed tin whistle
 Gems/Stones  ('*')
  K - an uncursed jet stone
  J - a cursed ruby
  F - an uncursed worthless piece of green glass
  R - an uncursed worthless piece of red glass
  W - an uncursed worthless piece of violet glass
  s - an uncursed worthless piece of yellowish brown glass

Jinnora the Wizard's attributes:

Background:
 You were a Thaumaturge, a level 6 female human Wizard.
 You were neutral, on a mission for Thoth
 who was opposed by Ptah (lawful) and Anhur (chaotic).
 You were right-handed.
 You were in the Gnomish Mines, on level 6.
 You entered the dungeon 2775 turns ago.
 It was nighttime.
 You had 399 experience points, 241 more were needed to attain level 7.

Basics:
 You had 0 out of 47 hit points.
 You had 12 out of 58 energy points (spell power).
 Your armor class was 8.
 Your wallet contained 29 zorkmids.
 Autopickup was off.

Final Characteristics:
 Your strength was 11 (limit:18/100).
 Your dexterity was 12 (limit:18).
 Your constitution was 15 (limit:18).
 Your intelligence was 18 (limit:18).
 Your wisdom was 11 (limit:18).
 Your charisma was 10 (limit:18).

Final Status:
 You were satiated.
 You were unencumbered.
 You were wielding a quarterstaff.
 You had basic skill with quarterstaff.

Final Attributes:
 You were piously aligned.
 You were magic-protected.
 You were warded.
 You are dead.

Miscellaneous:
 You encountered 2 bones levels.
 Total elapsed playing time was 16 minutes and 16 seconds.

Major events:
 Turn
    1: Jinnora the neutral female human Wizard entered the dungeon
 1397: attained the rank of Conjurer (level 3)
 1712: entered the Gnomish Mines
 2683: attained the rank of Thaumaturge (level 6)
 2775: killed by an elven arrow

Spells:
 Name                 Level Category     Fail Retention
 force bolt             1   attack         0%   81%-90%
 confuse monster        1   enchantment    0%   81%-90%
 light                  1   divination     0%  76%-100%

Skills:
 Fighting Skills
   bare handed combat [Unskilled]
   riding             [Unskilled]
 Weapon Skills
   dagger             [Unskilled]
   knife              [Unskilled]
   axe                [Unskilled]
   short sword        [Unskilled]
   club               [Unskilled]
   mace               [Unskilled]
   quarterstaff       [Basic]
   polearms           [Unskilled]
   spear              [Unskilled]
   trident            [Unskilled]
   sling              [Unskilled]
   dart               [Unskilled]
   shuriken           [Unskilled]
 Spellcasting Skills
   attack spells      [Basic]
   healing spells     [Unskilled]
   divination spells  [Unskilled]
   enchantment spells [Basic]
   clerical spells    [Unskilled]
   escape spells      [Unskilled]
   matter spells      [Unskilled]

Voluntary challenges:
 Character rerolling was not enabled.
 You never genocided any monsters.
 You never polymorphed an object.
 You never changed form.
 You used no wishes.
Achievements:
 You entered a shop.
 You attained the rank of Conjurer.
 You entered the Gnomish Mines.
 You attained the rank of Thaumaturge.

 The Dungeons of Doom: levels 1 to 5
    Level 1:
       Many fountains.
    Level 2:
       A fountain.
    Level 3:
       A general store, a sink.
       Stairs down to The Gnomish Mines.
    Level 4:
       A general store, a sink.
    Level 5:
       Final resting place for
          zachKnight-Pri-Hum-Mal-Law, killed by a rothe, while frozen by a floating eye's gaze.
 The Gnomish Mines: levels 4 to 6
    Level 4:
    Level 5:
    Level 6: <- You were here.
       Final resting place for
          you, killed by an elven arrow,
          needler-Tou-Hum-Mal-Neu, killed by a Green-elf.


Vanquished creatures:
  a large mimic
  2 Green-elves
 an imp
  a pony
  a shrieker
  2 gnome leaders
  a paper golem
  a kitten
  3 dwarves
  2 giant bats
  a werejackal
 an iguana
 an acid blob
  a coyote
  a gas spore
  a hobbit
  2 cave spiders
  a brown mold
 18 gnomes
  9 jackals
  3 goblins
  a sewer rat
  a grid bug
  4 lichens
  a kobold zombie
  5 newts
66 creatures vanquished.

No species were genocided or became extinct.

Game over:
                       ----------
                      /          \
                     /    REST    \
                    /      IN      \
                   /     PEACE      \
                  /                  \
                  |     Jinnora      |
                  |      29 Au       |
                  |   killed by an   |
                  |   elven arrow    |
                  |                  |
                  |                  |
                  |       2026       |
                 *|     *  *  *      | *
        _________)/\\_//(\/(/\)/\//\/|_)_______

Goodbye Jinnora the Wizard...

You died in The Gnomish Mines on dungeon level 6 with 1905 points,
and 29 pieces of gold, after 2775 moves.
You were level 6 with a maximum of 47 hit points when you died.

